Map: [ESL] Gresvan

Players

Kelazhur

  • Race: Terran Terran
  • League: Master
  • Spawn Location: 5:00

Lambo - Winner!

  • Race: Zerg Zerg
  • League: Master
  • Spawn Location: 11:00

Event: HomeStory Cup XXIII

VOD

Have the link to the VOD?

Description

Time

  • Played on: June 30, 2023, 9:20 a.m.
  • Length: 38:57

All games in this series

Show
View Real Time Build Order
Export as new Build Order

Kelazhur Terran 

Build Orders: Reaper Expand, Hellion Banshee 

Get SALT Encoding   

  12  0:00  SCV  
  13  0:12  SCV  
  14  0:16  Supply Depot  
  14  0:24  SCV  
  15  0:38  Barracks, SCV  
  16  0:43  Refinery  
  16  0:50  SCV  
  17  1:02  SCV  
  18  1:14  SCV  
  19  1:26  Orbital Command  
  19  1:27  Reaper  
  20  1:37  Command Center  
  20  1:46  Supply Depot  
  20  1:52  SCV  
  21  1:59  Marine  
  22  2:04  SCV  
  22  2:05  Factory  
  23  2:13  Refinery  
  23  2:16  SCV  
  25  2:23  Barracks Reactor  
  25  2:28  SCV  
  25  2:40  SCV  
  26  2:50  Orbital Command  
  26  2:51  Starport  
  26  2:52  SCV  
  27  3:03  Hellion  
  27  3:04  Hellion  
  32  3:05  SCV  
  32  3:07  Barracks Tech Lab  
  32  3:12  Supply Depot  
  32  3:17  SCV  
  33  3:20  SCV  
  33  3:25  Hellion x2  
  37  3:31  SCV  
  36  3:37  SCV  
  37  3:41  Raven  
  37  3:42  Marine  
  37  3:43  SCV  
  37  3:46  Hellion  
  45  3:48  Hellion  
  45  3:49  SCV  
  45  3:55  SCV  
  47  3:57  Supply Depot  
  47  4:01  SCV  
  48  4:02  Cloaking Field  
  48  4:07  SCV  
  51  4:13  SCV  
  54  4:19  SCV, Banshee, Supply Depot  
  54  4:25  Command Center  
  54  4:28  SCV  
  54  4:30  Hellion  
  57  4:32  SCV  
  57  4:34  Hellion  
  60  4:40  SCV  
  60  4:44  SCV  
  60  4:52  SCV  
  57  4:56  SCV  
  57  4:59  Hellion  
  57  5:00  Armory  
  57  5:02  Hellion  
  57  5:04  SCV, Banshee  
  63  5:08  SCV  
  63  5:14  Supply Depot  
  64  5:16  SCV  
  64  5:21  SCV  
  66  5:24  Hellion x2  
  72  5:35  SCV x2  
  72  5:38  Orbital Command  
  71  5:47  SCV x2  
  73  5:51  Refinery  
  73  5:52  Hellion x2  
  73  5:53  Refinery  
  73  5:54  Factory x2  
  77  5:59  SCV  
  77  6:00  SCV, Hellion x5  
  73  6:07  SCV  
  73  6:10  Banshee  
  73  6:12  SCV x2  
  73  6:13  Orbital Command, Hellion x2  
  79  6:20  Terran Vehicle Weapons Level 1  
  79  6:23  Barracks Tech Lab  
  79  6:24  SCV  
  80  6:26  SCV  
  80  6:30  Supply Depot  
  81  6:34  Hellion  
  81  6:36  SCV  
  81  6:38  SCV  
  85  6:40  Engineering Bay, Factory  
  85  6:41  Factory  
  85  6:45  SCV, Factory Tech Lab  
  86  6:48  SCV  
  86  6:50  SCV  
  86  6:51  Cyclone  
  86  6:53  Mag-Field Accelerator  
  91  6:57  SCV  
  91  7:00  SCV  
  93  7:02  SCV  
  90  7:09  SCV  
  90  7:12  SCV  
  90  7:13  Banshee  
  90  7:14  SCV  
  88  7:17  Cyclone  
  88  7:21  SCV  
  92  7:24  SCV  
  92  7:26  SCV  
  92  7:27  Factory Tech Lab x2  
  92  7:28  Cyclone  
  92  7:29  Hellion x2  
  101  7:31  Supply Depot  
  101  7:32  Supply Depot  
  101  7:34  SCV  
  102  7:42  SCV  
  103  7:44  Refinery x2, Supply Depot  
  103  7:45  SCV, Command Center  
  103  7:47  SCV  
  104  7:53  Missile Turret x2  
  104  7:54  SCV, Missile Turret  
  104  7:57  SCV, Cyclone  
  109  8:00  SCV  
  110  8:05  Siege Tank  
  110  8:06  SCV  
  110  8:09  Siege Tank  
  110  8:10  Siege Tank  
  110  8:11  Banshee  
  110  8:12  SCV  
  124  8:13  SCV  
  124  8:18  Supply Depot  
  124  8:19  SCV, Supply Depot  
  126  8:20  Hellion x2  
  126  8:29  Siege Tank  
  116  8:37  SCV  
  116  8:38  Siege Tank  
  115  8:42  Hellion x2  
  115  8:46  Siege Tank  
  117  8:55  SCV  
  107  8:56  Hellion  
  107  8:57  SCV, Banshee  
  107  8:59  Hyperflight Rotors  
  107  9:01  Siege Tank  
  116  9:06  Orbital Command  
  115  9:15  Supply Depot x2  
  115  9:16  Supply Depot  
  115  9:26  Supply Depot  
  115  9:27  Supply Depot  
  115  9:28  Supply Depot  
  115  9:31  Command Center  
  115  9:47  Refinery  
  115  9:49  SCV x2  
  115  9:50  SCV, Hellion  
  120  9:55  Cyclone  
  120  9:57  Supply Depot  
  120  9:58  Hellion  
  125  10:12  SCV x2  
  125  10:18  SCV, Cyclone x2  
  132  10:24  SCV  
  133  10:29  Terran Vehicle Weapons Level 2  
  133  10:33  Supply Depot  
  133  10:34  Supply Depot  
  133  10:38  Supply Depot  
  133  10:42  SCV x3  
  133  10:43  Hellion, Cyclone x2  
  136  10:50  Siege Tank x2  
  136  10:51  Hellion  
  136  10:54  SCV x3  
  136  10:56  Supply Depot  
  147  11:06  SCV x3  
  151  11:14  Hellion x2  
  151  11:15  Missile Turret, Siege Tank x2  
  151  11:17  Refinery  
  161  11:18  SCV  
  161  11:19  Missile Turret  
  161  11:21  SCV x2  
  161  11:24  Supply Depot  
  158  11:35  Command Center  
  158  11:38  Siege Tank  
  158  11:42  Siege Tank  
  158  11:43  Missile Turret  
  158  11:44  Hellion x2  
  165  11:52  Barracks, Ghost Academy  
  165  11:53  Barracks  
  162  12:09  Barracks Tech Lab  
  162  12:11  Siege Tank x3  
  162  12:12  Hellion  
  173  12:20  Missile Turret, Siege Tank  
  173  12:21  Missile Turret  
  173  12:26  Hellion  
  156  12:30  Banshee  
  156  12:31  SCV x3  
  156  12:36  Missile Turret  
  156  12:37  Refinery  
  156  12:40  Command Center  
  156  12:43  Siege Tank x3  
  162  12:46  Hellion  
  162  12:48  Terran Vehicle Weapons Level 3  
  162  12:51  Missile Turret  
  157  12:53  Cyclone  
  157  12:55  SCV  
  158  12:59  Barracks Tech Lab x2  
  158  13:11  Planetary Fortress  
  158  13:13  Hi-Sec Auto Tracking, Missile Turret  
  158  13:15  Hellion x2, Cyclone x3  
  158  13:17  Infernal Pre-Igniter  
  169  13:25  Cyclone  
  158  13:29  Banshee  
  161  13:39  Missile Turret  
  161  13:49  Cyclone x2  
  161  13:50  Hellion x2, Cyclone  
  159  13:57  Hellion  
  159  13:58  Ghost x3  
  160  14:07  Missile Turret  
  160  14:15  Hellion x2  
  160  14:16  Refinery  
  164  14:17  Missile Turret  
  164  14:21  Planetary Fortress, Siege Tank x2  
  173  14:24  Command Center  
  173  14:30  Missile Turret  
  173  14:35  Siege Tank  
  173  14:38  Hellion x2, Ghost  
  182  14:39  Ghost  
  182  14:40  Ghost  
  183  14:47  Refinery  
  183  14:52  Missile Turret  
  183  14:54  Command Center  
  183  14:57  Sensor Tower  
  183  15:06  Ghost  
  185  15:13  Siege Tank x3  
  188  15:19  Siege Tank  
  173  15:29  Hellion  
  173  15:30  Hellion  
  173  15:31  Ghost  
  173  15:34  Ghost  
  181  15:39  Terran Vehicle And Ship Armor Level 1  
  181  15:45  Siege Tank x2  
  187  15:54  Hellion x2  
  191  16:04  Thor  
  191  16:10  Orbital Command  
  197  16:12  Ghost  
  197  16:16  Refinery  
  199  16:18  Sensor Tower  
  199  16:23  Thor  
  193  16:26  Personal Cloaking  
  193  16:28  Ghost  
  193  16:31  Hellion, Hellbat  
  185  16:48  Thor x2  
  185  16:49  Viking  
  152  17:23  Viking  
  152  17:27  Thor x2  
  152  17:29  Hellion x2  
  161  17:34  Orbital Command, Hellion x4  
  143  17:44  Siege Tank  
  143  17:45  SCV x2  
  143  17:46  SCV  
  143  17:53  Viking  
  143  17:57  SCV  
  130  17:59  SCV  
  130  18:00  Orbital Command  
  131  18:06  Siege Tank  
  131  18:07  SCV x2  
  131  18:09  SCV  
  131  18:11  SCV  
  138  18:18  Siege Tank  
  131  18:22  SCV x2  
  131  18:23  SCV  
  131  18:27  Refinery x2  
  130  18:39  Terran Vehicle And Ship Armor Level 2  
  130  18:44  SCV x4  
  130  18:46  Refinery  
  134  18:54  SCV  
  124  18:56  SCV x2, Refinery, Siege Tank  
  124  18:58  Hellion x2  
  124  19:00  Hellion x3  
  124  19:02  SCV x2  
  139  19:06  Orbital Command  
  139  19:23  Siege Tank x2  
  138  19:26  SCV  
  138  19:30  Cyclone  
  131  19:35  SCV x2, Hellion x3  
  131  19:36  SCV, Refinery  
  140  19:42  SCV x2  
  142  19:47  SCV  
  142  19:49  Command Center  
  142  19:50  SCV  
  142  19:52  Barracks  
  136  19:53  SCV  
  136  19:54  SCV x2  
  136  19:59  Siege Tank x3  
  148  20:02  SCV  
  148  20:04  Viking  
  144  20:07  SCV  
  144  20:10  SCV  
  144  20:12  SCV  
  147  20:18  Siege Tank  
  147  20:21  Barracks x2  
  150  20:23  SCV  
  150  20:26  SCV  
  152  20:31  Command Center, Siege Tank  
  152  20:32  Siege Tank  
  147  20:40  SCV x4  
  147  20:42  Hellion  
  153  20:50  SCV  
  153  20:52  SCV  
  153  20:55  Siege Tank x2  
  161  20:57  Barracks Tech Lab  
  153  21:12  Siege Tank x2  
  153  21:13  Barracks Tech Lab x2  
  153  21:15  Ghost  
  161  21:24  Missile Turret, Sensor Tower  
  161  21:27  Missile Turret  
  161  21:34  Viking  
  161  21:39  Sensor Tower, Siege Tank  
  162  21:40  Hellion, Siege Tank  
  162  21:44  SCV, Ghost  
  162  21:45  SCV x2  
  169  21:49  Siege Tank  
  169  21:53  Siege Tank  
  173  21:59  Orbital Command, Missile Turret  
  173  22:02  SCV  
  173  22:06  Ghost  
  176  22:09  Ghost  
  178  22:26  Sensor Tower  
  178  22:27  Ghost  
  178  22:28  Thor, Refinery  
  186  22:34  Thor  
  186  22:35  Ghost  
  194  22:38  Raven  
  186  22:50  Siege Tank  
  154  22:56  Ghost  
  154  22:58  Siege Tank  
  131  22:59  Hellion x2  
  131  23:00  SCV x3  
  132  23:11  Siege Tank  
  135  23:14  Ghost  
  135  23:18  Hellion  
  139  23:20  Hellion x2  
  139  23:22  Hellion  
  139  23:23  Missile Turret  
  139  23:24  Missile Turret  
  139  23:25  Sensor Tower  
  145  23:27  Missile Turret  
  145  23:30  Hellion  
  145  23:33  Missile Turret  
  147  23:39  Hellion  
  149  23:42  Hellion  
  149  23:43  Siege Tank x2  
  157  23:48  Terran Vehicle And Ship Armor Level 3  
  157  23:50  Hellion  
  157  23:54  Ghost  
  164  23:56  Command Center  
  164  23:59  Command Center  
  164  24:00  Ghost  
  164  24:03  Hellion  
  172  24:20  Thor  
  172  24:21  Thor x2  
  172  24:23  Hellion x2  
  179  24:44  Thor  
  177  24:46  Hellion x2  
  177  24:47  Viking  
  181  25:03  Thor  
  181  25:04  Thor  
  193  25:14  Sensor Tower  
  193  25:16  Missile Turret x2  
  193  25:17  Thor, Planetary Fortress  
  193  25:18  Missile Turret  
  199  25:24  Nuke  
  199  25:34  Orbital Command  
  199  25:42  Viking, Refinery  
  200  25:45  Refinery  
  200  25:46  Missile Turret  
  196  25:55  Siege Tank x2  
  196  25:56  Siege Tank  
  198  26:02  Hellion x2  
  198  26:16  Missile Turret  
  198  26:17  Hellion  
  200  26:35  Missile Turret  
  200  26:42  Command Center  
  200  26:45  Command Center  
  200  26:46  Command Center  
  200  26:47  Neosteel Armor  
  200  26:48  Terran Ship Weapons Level 1  
  200  26:57  Engineering Bay  
  200  27:13  Orbital Command  
  200  27:14  Orbital Command  
  200  27:24  Missile Turret  
  194  27:39  Missile Turret  
  194  27:43  Thor x3  
  199  27:49  Siege Tank  
  153  27:58  Ghost  
  127  28:00  Medivac  
  129  28:09  Hellion x2  
  133  28:21  Siege Tank  
  133  28:24  Factory x2  
  133  28:26  Thor, Siege Tank, Factory  
  145  28:32  Raven  
  145  28:33  Thor  
  153  28:35  Hellion x2  
  153  28:38  Orbital Command x2  
  163  28:58  Thor  
  163  29:01  Nuke  
  169  29:06  Hellion x2, Viking  
  169  29:09  Thor  
  181  29:17  Factory Tech Lab x3  
  181  29:27  Hellion  
  181  29:28  Hellion  
  179  29:37  Thor x3  
  197  29:42  Viking  
  187  29:53  Thor  
  187  29:54  Thor  
  175  30:05  Hellion x2  
  154  30:13  Viking  
  135  30:18  SCV  
  135  30:20  Siege Tank x3  
  138  30:26  Hellion x2  
  142  30:37  Siege Tank x2  
  146  30:43  Viking  
  146  30:48  Hellion  
  145  30:50  Hellion  
  145  30:52  Siege Tank x3  
  132  31:09  Hellion, Siege Tank  
  130  31:11  Hellion  
  111  31:24  Siege Tank  
  111  31:25  Orbital Command, Hellion x2  
  102  31:33  Orbital Command, Hellion  
  100  31:46  Siege Tank x2  
  84  31:57  Hellion  
  78  32:16  Barracks  
  78  32:18  Hellion, Siege Tank x2  
  78  32:19  Barracks x2  
  82  32:39  Siege Tank  
  85  32:50  Siege Tank  
  88  32:56  Engineering Bay  
  88  32:59  Siege Tank  
  91  33:05  Barracks Tech Lab  
  91  33:06  Barracks Tech Lab  
  91  33:11  Siege Tank  
  91  33:12  Barracks Tech Lab  
  94  33:22  Siege Tank  
  97  33:31  Siege Tank  
  97  33:32  Ghost Academy  
  100  33:46  Siege Tank  
  101  33:54  Siege Tank  
  104  34:00  Ghost  
  104  34:01  Missile Turret, Ghost x2  
  107  34:03  Siege Tank  
  107  34:04  Missile Turret  
  107  34:06  Factory  
  107  34:08  Factory  
  108  34:18  Siege Tank  
  110  34:25  Nuke  
  110  34:26  Siege Tank  
  110  34:29  Missile Turret, Ghost  
  110  34:30  Starport  
  115  34:35  Siege Tank  
  118  34:39  Supply Depot  
  118  34:40  Supply Depot  
  118  34:41  Supply Depot  
  118  34:48  Ghost  
  118  34:58  Ghost  
  120  35:04  Supply Depot  
  122  35:14  Liberator  
  123  35:26  Supply Depot x2  
  123  35:36  Armory  
  123  35:57  Viking  
  125  36:17  Ghost x2  
  129  36:23  Thor  
  79  36:50  Orbital Command  
Show
View Real Time Build Order
Export as new Build Order

Lambo Zerg - Winner!

Build Orders: Hatch First 

Get SALT Encoding   

  12  0:00  Drone  
  13  0:13  Overlord  
  13  0:17  Drone  
  14  0:31  Drone x2  
  16  0:48  Hatchery  
  15  0:51  Drone  
  15  0:54  Drone  
  17  0:57  Drone  
  18  1:05  Extractor  
  17  1:13  Spawning Pool  
  17  1:16  Drone  
  17  1:19  Drone  
  18  1:29  Drone  
  19  1:41  Drone  
  20  1:52  Drone  
  21  2:00  Queen x2, Zergling x4  
  27  2:08  Metabolic Boost  
  27  2:13  Zergling x2  
  28  2:19  Overlord  
  28  2:32  Spore Crawler  
  28  2:33  Hatchery  
  28  2:36  Drone  
  27  2:39  Drone x2  
  30  2:44  Drone  
  30  2:47  Drone  
  32  2:53  Queen  
  34  3:01  Spore Crawler  
  34  3:04  Drone x2  
  34  3:05  Overlord  
  36  3:19  Spore Crawler  
  35  3:22  Queen  
  35  3:25  Drone x6  
  41  3:29  Drone  
  41  3:37  Queen  
  41  3:38  Overlord  
  44  3:43  Overlord  
  44  3:49  Drone x3  
  44  3:50  Queen  
  44  3:51  Overlord  
  49  3:56  Zergling x2  
  49  3:59  Zergling x6  
  49  4:02  Zergling x2  
  53  4:05  Queen  
  53  4:07  Zergling x4  
  57  4:19  Drone x5, Overlord  
  57  4:24  Zergling x4  
  64  4:30  Queen  
  66  4:36  Overlord  
  66  4:43  Drone x7  
  73  4:46  Drone  
  73  4:57  Zergling x14  
  77  5:05  Zergling x2  
  78  5:09  Drone x4  
  78  5:12  Lair  
  82  5:16  Extractor  
  82  5:17  Hatchery, Overlord  
  82  5:20  Spore Crawler x2  
  78  5:21  Spore Crawler  
  78  5:24  Overlord  
  81  5:28  Drone x5  
  81  5:31  Drone  
  81  5:33  Roach Warren  
  79  5:37  Drone  
  79  5:38  Drone x4  
  82  5:49  Queen x2, Drone x4  
  86  5:51  Zergling x4  
  92  6:00  Zergling x8  
  92  6:06  Zergling x6  
  93  6:14  Drone x4  
  93  6:18  Drone x3, Glial Reconstitution  
  98  6:24  Evolution Chamber  
  98  6:25  Extractor x2, Queen x2, Evolution Chamber  
  96  6:30  Drone x6, Overseer  
  104  6:37  Extractor, Drone  
  104  6:38  Extractor  
  103  6:44  Overlord x2  
  103  6:46  Overlord  
  103  6:53  Roach  
  104  6:55  Overlord  
  104  7:00  Pneumatized Carapace  
  102  7:01  Queen  
  102  7:04  Zerg Missile Weapons Level 1  
  103  7:14  Roach x11  
  124  7:20  Roach x3  
  130  7:23  Roach x2  
  130  7:28  Overlord  
  134  7:35  Roach  
  136  7:38  Overlord x2  
  136  7:42  Overlord  
  136  7:46  Queen x2  
  136  7:48  Overlord  
  136  7:50  Zergling x10  
  143  7:55  Overlord  
  143  7:56  Overlord  
  143  7:57  Roach x7  
  143  7:58  Roach, Ravager  
  159  8:00  Queen  
  161  8:06  Roach x3  
  161  8:07  Ravager x3  
  161  8:08  Queen  
  161  8:11  Roach  
  174  8:14  Roach x2  
  176  8:20  Overseer  
  176  8:22  Queen  
  176  8:23  Roach x5  
  176  8:26  Overseer  
  181  8:30  Roach x4  
  180  8:37  Roach x4  
  185  8:42  Roach x2  
  187  8:49  Roach  
  171  8:59  Overlord, Hydralisk Den, Infestation Pit  
  171  9:01  Overlord, Drone x7  
  165  9:03  Spore Crawler  
  165  9:05  Extractor  
  165  9:07  Overlord  
  165  9:08  Drone x3  
  165  9:09  Zerg Missile Weapons Level 2  
  158  9:15  Extractor  
  158  9:16  Queen  
  143  9:18  Overseer  
  138  9:29  Hydralisk x4, Muscular Augments  
  146  9:36  Hydralisk  
  146  9:37  Hydralisk x2  
  152  9:40  Hydralisk x2  
  152  9:44  Hive  
  154  9:47  Hydralisk x2  
  154  9:52  Ravager  
  159  9:53  Zergling x14  
  159  9:56  Zergling x6  
  159  9:57  Ravager  
  159  9:59  Zergling x6  
  173  10:00  Ravager  
  173  10:03  Ravager  
  173  10:04  Ravager  
  176  10:07  Overlord  
  176  10:10  Overlord  
  176  10:13  Overlord  
  170  10:17  Roach x3  
  170  10:20  Overlord  
  174  10:23  Overlord  
  174  10:24  Overlord  
  174  10:25  Ravager  
  170  10:51  Grooved Spines  
  170  10:53  Drone  
  170  10:55  Spore Crawler  
  170  10:56  Hatchery  
  169  11:00  Spine Crawler  
  168  11:06  Viper x5  
  168  11:09  Drone x2  
  185  11:12  Zerg Ground Armor Level 1  
  179  11:29  Roach x18  
  193  11:34  Roach x2  
  193  11:43  Roach x3  
  199  11:47  Zerg Missile Weapons Level 3  
  199  11:52  Drone  
  200  11:55  Spine Crawler  
  200  12:01  Roach x4  
  199  12:09  Overlord  
  195  12:20  Hydralisk x5  
  197  12:24  Hydralisk x3  
  197  12:38  Hydralisk  
  197  12:41  Spire  
  198  12:58  Drone x8  
  200  12:59  Evolution Chamber  
  200  13:00  Evolution Chamber  
  200  13:05  Adrenal Glands  
  198  13:06  Hydralisk, Evolution Chamber, Zerg Melee Weapons Level 1  
  189  13:20  Drone x12  
  189  13:23  Hydralisk  
  200  13:31  Spine Crawler  
  200  13:34  Spine Crawler  
  198  13:36  Overseer  
  198  13:40  Hydralisk, Hatchery  
  199  13:41  Baneling Nest  
  192  13:54  Hydralisk  
  192  13:55  Hydralisk x16  
  200  14:00  Roach x5  
  187  14:04  Viper x2  
  187  14:09  Greater Spire  
  193  14:20  Extractor, Spore Crawler  
  193  14:21  Extractor  
  193  14:22  Hatchery  
  193  14:23  Zerg Ground Armor Level 2  
  190  14:24  Corruptor x3  
  190  14:28  Corruptor  
  198  14:37  Corruptor x2  
  196  14:48  Overlord x2  
  196  14:51  Corruptor x2  
  200  15:03  Extractor  
  200  15:04  Extractor  
  183  15:22  Zerg Flyer Weapons Level 1  
  183  15:27  Brood Lord x6  
  187  15:31  Drone x2  
  187  15:32  Drone x3  
  187  15:33  Drone  
  189  15:40  Spine Crawler  
  189  15:41  Drone x2  
  189  15:42  Drone x3  
  193  15:43  Drone x2  
  193  15:44  Brood Lord x2  
  193  15:49  Hatchery  
  195  15:53  Spore Crawler  
  194  16:01  Drone x2  
  194  16:07  Centrifugal Hooks, Zerg Melee Weapons Level 2  
  194  16:13  Drone x2  
  194  16:14  Drone x4  
  196  16:29  Overlord  
  196  16:37  Zergling x8  
  200  16:50  Zergling x4  
  195  17:01  Roach x2  
  193  17:11  Hydralisk x13  
  195  17:16  Zerg Flyer Armor Level 1  
  195  17:17  Roach x3  
  182  17:26  Roach x6  
  179  17:38  Hydralisk x4  
  163  17:44  Hydralisk x4  
  150  18:01  Hydralisk x4  
  150  18:05  Zerg Ground Armor Level 3  
  158  18:07  Hatchery, Spine Crawler  
  151  18:16  Roach x4  
  150  18:22  Ravager x9, Overseer  
  150  18:23  Zergling x2  
  150  18:24  Zergling x6  
  150  18:26  Baneling x2  
  163  18:27  Drone x4  
  163  18:30  Roach x3  
  173  18:38  Zergling x16  
  181  18:42  Zergling x6  
  158  18:57  Viper x3  
  158  19:01  Pathogen Glands  
  158  19:02  Drone x6  
  168  19:07  Ravager x7  
  175  19:22  Roach x7  
  173  19:33  Hydralisk x4  
  173  19:34  Drone x2  
  173  19:35  Drone  
  184  19:45  Lair  
  183  19:49  Evolution Chamber  
  183  19:52  Burrow  
  180  19:54  Hydralisk x2  
  180  19:59  Hatchery  
  183  20:05  Ravager x7  
  183  20:06  Baneling x6  
  183  20:07  Baneling x7  
  190  20:09  Drone x3  
  190  20:13  Extractor  
  192  20:17  Drone  
  192  20:18  Drone x3  
  192  20:20  Zerg Flyer Weapons Level 2  
  196  20:24  Hydralisk x2  
  171  20:36  Viper  
  174  20:46  Drone x4  
  178  20:54  Hydralisk x8  
  194  20:58  Extractor  
  194  21:01  Hatchery  
  185  21:11  Neural Parasite  
  185  21:13  Zerg Melee Weapons Level 3  
  185  21:14  Drone x4  
  189  21:23  Extractor, Spine Crawler  
  189  21:24  Infestor  
  189  21:25  Extractor  
  189  21:26  Spine Crawler  
  189  21:27  Spine Crawler  
  181  21:39  Zergling x40  
  187  21:48  Infestor  
  187  21:53  Evolution Chamber x2  
  187  21:54  Infestor x2  
  178  21:56  Zergling x10  
  187  22:02  Zergling x14  
  195  22:13  Baneling x7  
  195  22:14  Baneling x5  
  195  22:16  Zergling x8  
  199  22:25  Baneling x8  
  199  22:31  Baneling x4  
  186  22:45  Zergling x34  
  186  22:49  Zergling x2  
  186  22:50  Zergling x18  
  188  22:57  Viper x2  
  154  22:59  Roach x2, Zergling x12  
  154  23:02  Zergling x4  
  150  23:09  Zergling x10  
  155  23:16  Hatchery  
  155  23:17  Zergling x8  
  159  23:20  Zergling x10  
  159  23:21  Hydralisk  
  159  23:24  Zerg Flyer Weapons Level 3  
  165  23:30  Corruptor x2  
  165  23:34  Drone x3  
  170  23:38  Corruptor x2  
  172  23:48  Corruptor  
  172  23:49  Corruptor  
  172  23:53  Drone x7  
  181  24:00  Infestor  
  179  24:03  Drone x3  
  179  24:08  Corruptor x3  
  188  24:12  Extractor, Spine Crawler  
  188  24:13  Overseer  
  186  24:17  Extractor  
  186  24:19  Brood Lord x2  
  189  24:26  Brood Lord  
  189  24:29  Spine Crawler  
  190  24:33  Spine Crawler  
  190  24:35  Drone x8  
  188  24:48  Brood Lord x3  
  194  24:54  Brood Lord  
  196  25:01  Infestor x3  
  196  25:02  Spine Crawler  
  196  25:05  Baneling x11  
  195  25:13  Baneling x8  
  192  25:33  Baneling x21  
  192  25:40  Zergling x16  
  200  25:44  Overseer  
  200  25:49  Hydralisk x6  
  171  25:59  Corruptor x4  
  178  26:04  Drone x5  
  178  26:09  Spore Crawler  
  182  26:19  Infestor x2  
  182  26:25  Overlord  
  186  26:35  Corruptor x2  
  186  26:36  Corruptor  
  186  26:38  Overlord  
  189  26:44  Spine Crawler  
  189  26:45  Spine Crawler  
  189  26:46  Brood Lord  
  189  26:47  Brood Lord x3  
  195  26:48  Overseer  
  195  26:51  Overseer  
  195  26:52  Overseer  
  195  26:57  Brood Lord  
  197  27:03  Spine Crawler  
  197  27:04  Spore Crawler, Brood Lord  
  197  27:09  Brood Lord  
  199  27:19  Overseer  
  199  27:23  Infestor x3  
  199  27:26  Spine Crawler  
  198  27:31  Spore Crawler  
  198  27:34  Spore Crawler  
  196  27:43  Zergling x30  
  193  27:49  Zergling x32  
  179  27:56  Infestor x3  
  171  28:03  Infestor  
  173  28:05  Corruptor x2  
  177  28:13  Baneling x7  
  177  28:17  Corruptor x2  
  181  28:24  Overseer  
  181  28:25  Overseer  
  181  28:30  Baneling x7  
  181  28:44  Hatchery  
  181  28:46  Brood Lord x2  
  184  28:51  Hydralisk x3  
  190  29:01  Overlord  
  190  29:10  Extractor  
  190  29:12  Overlord  
  190  29:13  Extractor, Brood Lord  
  190  29:19  Overseer  
  190  29:23  Hydralisk, Brood Lord  
  190  29:24  Hydralisk x2  
  192  29:26  Infestor x5  
  198  29:41  Infestor  
  192  29:57  Zergling x38  
  171  30:08  Zergling x2  
  171  30:09  Zergling x22  
  180  30:14  Hydralisk  
  180  30:19  Hydralisk x5  
  188  30:25  Overlord  
  188  30:33  Overseer  
  184  30:38  Overlord  
  176  30:48  Hydralisk x15  
  172  30:57  Hydralisk x4  
  172  31:03  Hydralisk x3  
  154  31:13  Hydralisk x5  
  157  31:22  Hydralisk x4  
  157  31:24  Infestor  
  156  31:29  Zergling x8  
  155  31:44  Zergling x6  
  155  31:46  Infestor  
  141  31:47  Roach x2  
  141  31:50  Zergling x24  
  147  31:55  Zergling x10  
  147  31:56  Infestor  
  147  31:57  Infestor x2  
  151  32:02  Zergling x12  
  153  32:11  Viper x3  
  153  32:13  Drone x3  
  165  32:22  Ravager x2  
  163  32:37  Zergling x30  
  177  32:48  Baneling x9  
  177  32:59  Baneling x14  
  177  33:01  Zergling x20  
  187  33:16  Baneling x4  
  187  33:21  Baneling x6  
  178  34:05  Corruptor x9  
  186  35:03  Brood Lord x5  
  196  35:11  Spore Crawler x4  
  196  35:12  Spore Crawler x2, Brood Lord x3  
  196  35:13  Spore Crawler x2, Brood Lord  
  196  35:15  Overlord x2  
  204  35:21  Infestor  
  204  35:22  Infestor x3  
  204  35:36  Overseer  
  203  35:50  Extractor, Overseer  
  203  35:55  Overseer  
  202  36:00  Overlord  
  202  36:05  Overseer  
  161  36:34  Zergling x2  
  161  36:35  Zergling x38  
  161  36:38  Hydralisk x4  
  168  36:51  Overseer  
  168  36:52  Overseer  
  162  36:57  Viper x3  
  162  36:58  Hydralisk x10  
  162  37:00  Corruptor  
  189  37:10  Overseer x2  
  189  37:20  Infestor  
  189  37:29  Infestor  
  185  37:30  Infestor x2  
  185  37:42  Brood Lord  
  187  37:45  Zergling x20  
  187  37:49  Overlord  
  192  37:52  Overlord  
  188  38:00  Overlord  
  188  38:02  Overseer  
  188  38:05  Hatchery  
  179  38:37  Zergling x26  
Tags
 
Add a new tag
Caveats
  • Supply blocks, unpowered buildings, or Contaminate may cause inaccurate times.
  • Supply counts are checked every 10 seconds.